 Dungeon Crawl Stone Soup version 0.13.0-17-g5f0e85f (webtiles) character file.

286 MDvedh the Chopper (level 5, -1/41 HPs)
             Began as a Demonspawn Berserker on Oct 21, 2013.
             Was a Priest of Trog.
             Killed from afar by Blork the orc (6 damage)
             ... with a puff of flame
             ... on Level 4 of the Dungeon.
             The game lasted 00:06:15 (2132 turns).

MDvedh the Chopper (Demonspawn Berserker)           Turns: 2132, Time: 00:06:16

HP  -1/41        AC 12     Str 18      XL: 5   Next: 11%
MP   4/4         EV  6     Int  9      God: Trog [***...]
Gold 134         SH  0     Dex 12      Spells:  0 memorised,  4 levels left

Res.Fire  : . . .   See Invis. : .   a - +1 hand axe {=f}
Res.Cold  : + + .   Warding    : .   o - +1 chain mail
Life Prot.: . . .   Conserve   : .   (no shield)
Res.Poison: .       Res.Corr.  : .   n - +0 golden helmet
Res.Elec. : .       Clarity    : .   h - +0 cloak
Sust.Abil.: . .     Spirit.Shd : .   (no gloves)
Res.Mut.  : .       Stasis     : .   (no boots)
Res.Rott. : .       Flight     : .   (no amulet)
Saprovore : . . .                    j - ring of sustenance
                                     i - ring of protection from cold

@: regenerating (expiring), exhausted, slowed, very slow, quite resistant to
hostile enchantments, extremely unstealthy
A: cold resistance 1, AC +1
a: Burn Spellbooks, Berserk, Trog's Hand, Renounce Religion


You were on level 4 of the Dungeon.
You worshipped Trog.
Trog was most pleased with you.
You were hungry.

You visited 1 branch of the dungeon, and saw 4 of its levels.

You collected 114 gold pieces.

Inventory:

Hand weapons
 a - a +1,+1 hand axe (weapon) {=f}
Armour
 h - a +0 cloak (worn)
 n - a +0 golden helmet (worn)
 o - a +1 chain mail (worn)
Magical devices
 b - a wand of digging (16) {unknown}
Comestibles
 c - 2 bread rations
 k - 3 meat rations
Scrolls
 e - 2 scrolls of remove curse {unknown}
 m - a scroll of fog
Jewellery
 i - a ring of protection from cold (left hand)
 j - a ring of sustenance (right hand)
 s - an uncursed amulet of stasis {unknown}
Potions
 d - a potion of curing
 f - 3 potions of speed {unknown}
 g - a potion of invisibility {unknown}
 l - a potion of resistance {unknown}
 p - 2 potions of poison {unknown}
 t - a potion of heal wounds {unknown}
 v - a potion of restore abilities {unknown}


   Skills:
 - Level 3.0 Fighting
 + Level 5.3 Axes
 - Level 1.7 Armour
 - Level 1.7 Dodging


You had 4 spell levels left.
You didn't know any spells.

Dungeon Overview and Level Annotations

Branches:
Dungeon (4/27)             Temple (0/1) D:4

Altars:

Annotations:
D:4 Blork the orc


Innate Abilities, Weirdness & Mutations

You are partially covered in molten scales (AC +1).
Your flesh is cold resistant.


Message History

You hit it. It hits you but does no damage. It hits you but does no damage.
It hits you!
* * * LOW HITPOINT WARNING * * *
You closely miss it. It hits you but does no damage. It hits you.
* * * LOW HITPOINT WARNING * * *
You hear some strange, mumbled words.
The puff of flame hits you!
* * * LOW HITPOINT WARNING * * *
You hear some strange, mumbled words.
The puff of frost hits you!
* * * LOW HITPOINT WARNING * * *
Unknown command.
Your skin is crawling a little less now.
The puff of flame hits you!
* * * LOW HITPOINT WARNING * * *
Unknown command.
You hear some strange, mumbled words.
Unknown command.
The puff of flame hits you!
You die...

....#........
.............
.......<..b..
#.............#
#...............
##.................
#.#..%..........b..
##.#{##............
#@##.....(.......b
##.#..#...........
##...#....#.....
#..#.##..#.>...
##.#.####.....b
##.#..#.#.....
####.##......
##.##.....
####.....


There were no monsters in sight!

Vanquished Creatures
  A killer bee zombie (D:3)
  Jessica (D:3)
  An ogre skeleton (D:4)
  Terence (D:2)
  2 adders (D:3)
  An adder skeleton (D:4)
  3 oozes
  2 orcs (D:3)
  3 giant cockroaches
  5 hobgoblins
  A quokka (D:3)
  5 bats
  3 giant geckos
  A giant newt (D:2)
  6 goblins
  A hobgoblin skeleton (D:3)
  9 jackals
  14 kobolds
  4 rats
64 creatures vanquished.

Notes
Turn   | Place    | Note
--------------------------------------------------------------
     0 | D:1      | MDvedh, the Demonspawn Berserker, began the quest for the Orb.
     0 | D:1      | Reached XP level 1. HP: 18/18 MP: 0/0
   333 | D:1      | Gained mutation: You are partially covered in molten scales (AC +1). [demonic ancestry]
   333 | D:1      | Reached XP level 2. HP: 16/24 MP: 1/1
   620 | D:2      | Acquired Trog's second power
   640 | D:2      | Noticed Terence
   649 | D:2      | Killed Terence
   649 | D:2      | Gained mutation: Your flesh is cold resistant. [demonic ancestry]
   649 | D:2      | Reached XP level 3. HP: 26/30 MP: 2/2
   650 | D:2      | Reached skill level 4 in Axes
  1291 | D:3      | Reached XP level 4. HP: 15/36 MP: 3/3
  1820 | D:3      | Noticed Jessica
  1825 | D:3      | Killed Jessica
  1825 | D:3      | Reached skill level 5 in Axes
  2022 | D:4      | Reached XP level 5. HP: 36/41 MP: 4/4
  2035 | D:4      | Found a staircase to the Ecumenical Temple.
  2091 | D:4      | Noticed Blork the orc
  2128 | D:4      | HP: 1/41 [something (4)]
  2132 | D:4      | Killed from afar by Blork the orc

Action                   |  1- 3 |  4- 6 || total
-------------------------+-------+-------++-------
Melee: Hand axe          |   100 |   115 ||   215
Invok: Berserk           |     2 |     1 ||     3
       Burn Spellbooks   |       |     1 ||     1
       Trog's Hand       |       |     1 ||     1
  Use: Scroll            |     1 |     7 ||     8
       Potion            |       |     3 ||     3
